 Dungeon Crawl Stone Soup version 0.27.1-2-g3b301248ec (webtiles) character file.

Game seed: 15877196332605104765

30 barney the Skirmisher (level 3, -1/29 HPs)
             Began as a Demonspawn Chaos Knight on Sept 26, 2021.
             Was a Plaything of Xom.
             Slain by Natasha (3 damage)
             ... on level 2 of the Dungeon.
             The game lasted 00:02:09 (875 turns).

barney the Skirmisher (Demonspawn Chaos Knight)      Turns: 875, Time: 00:02:09

Health: -1/29      AC:  5    Str: 12    XL:     3   Next: 3%
Magic:  3/3        EV: 11    Int: 14    God:    Xom [..*...]
Gold:   35         SH:  0    Dex: 12    Spells: 2/2 levels left

rFire    . . .     SeeInvis .   a - +0 falchion (chaos)
rCold    . . .     Faith    .   (no shield)
rNeg     . . .     Spirit   .   b - +2 leather armour
rPois    .         Reflect  .   (no helmet)
rElec    .         Harm     .   (no cloak)
rCorr    .         Rampage  .   (no gloves)
Will     .....                  (no boots)
Stlth    +.........             (no amulet)
HPRegen  0.09/turn              (no ring)
MPRegen  0.08/turn              (no ring)

@: slowed, very slow
A: hooves 1, powered by death 1
a: Renounce Religion


You were on level 2 of the Dungeon.
You worshipped Xom.
You were a toy of Xom.
You visited 1 branch of the dungeon, and saw 2 of its levels.

You collected 35 gold pieces.

Inventory:

Hand Weapons
 a - a +0 falchion of chaos (weapon)
Armour
 b - a +2 leather armour (worn)
Scrolls
 c - a scroll of teleportation {unknown}


   Skills:
 * Level 3.5 Fighting
 + Level 2.9 Long Blades
 + Level 2.1 Armour
 + Level 1.3 Dodging


You had 2 spell levels left.
You didn't know any spells.
Your spell library was empty.

Dungeon Overview and Level Annotations

Branches:
Dungeon (2/15)

Altars:

Annotations:
D:2 Natasha


Innate Abilities, Weirdness & Mutations

You have large cloven feet.
You regenerate a little health from kills.


Message History

Found a runed jasper amulet.
You barely miss the kobold. The kobold barely misses you.
You hit the kobold but do no damage.
The kobold appears confused.
You kick the kobold.
You kill the kobold!
You see here a +0 short sword.
A frilled lizard comes into view.
The frilled lizard hisses angrily.
The frilled lizard hisses.
There are monsters nearby!
There are monsters nearby!
Unknown command.
Natasha hisses angrily.
You barely miss the frilled lizard. You kick the frilled lizard.
You kill the frilled lizard!
Natasha casts a spell at you. The magic dart hits you!
Natasha casts a spell at you.
You feel yourself slow down.
You see here an amulet of magic regeneration.
Natasha casts a spell. x2
You hit Natasha.
Natasha's magic leaks into the air.
Natasha is lightly wounded.
Natasha falters for a moment.
The crimson imp blinks!
You hit Natasha.
Natasha is poisoned.
Natasha is moderately wounded.
Natasha casts a spell at you. You resist with significant effort.
The crimson imp blinks!
Natasha stares at you and mumbles some strange words.
The magic dart hits you! The shadow imp barely misses you.
You closely miss Natasha.
Natasha is heavily wounded.
The crimson imp closely misses you.
You riposte.
You miss the crimson imp. Natasha claws you!
* * * LOW HITPOINT WARNING * * *
The shadow imp barely misses you. The crimson imp hits you.
* * * LOW HITPOINT WARNING * * *
Natasha claws you.
You die...
Xom thinks this is hilarious!

.....#.
.#...#.##########.
......(.. .......
#..h.###.....#
#..<..'.....#
#.....###.....#
........# #.....#
........# #.5h..#
.#..#...# #.@5..#
#..#...###.....#
#. #......".##.# #
#........+ #
#........#
#........#
###.#......#
.......)...#
..##.#.#.####


You could see Natasha (very poisoned), a crimson imp (summoned) and a shadow imp
(summoned).

Vanquished Creatures
  2 ball pythons
  4 endoplasms (D:1)
  A giant cockroach (D:1)
  3 goblins (D:1)
  A hobgoblin (D:1)
  5 kobolds
  2 quokkas (D:1)
  3 bats (D:1)
  4 frilled lizards
  2 rats (D:1)
27 creatures vanquished.

Notes
Turn   | Place    | Note
-------+----------+-------------------------------------------
     0 | D:1      | barney the Demonspawn Chaos Knight began the quest for the
                  | Orb.
     0 | D:1      | Reached XP level 1. HP: 18/18 MP: 1/1
    72 | D:1      | Reached skill level 1 in Dodging
   108 | D:1      | XOM: silly message
   322 | D:1      | Gained mutation: You have large cloven feet. [demonic
                  | ancestry]
   322 | D:1      | Reached XP level 2. HP: 23/24 MP: 2/2
   675 | D:1      | XOM: silly message
   819 | D:2      | Noticed Natasha
   823 | D:2      | XOM: 1-stop teleportation journey
   837 | D:2      | Gained mutation: You regenerate a little health from kills.
                  | [demonic ancestry]
   837 | D:2      | Reached XP level 3. HP: 28/29 MP: 3/3
   875 | D:2      | Slain by Natasha

Illustrated notes

Levels and vault maps discovered:
D:1:      minmay_arrival_five_plusses, layout_basic
D:2:      layout_basic, uniq_sigmund, uniq_natasha

Skill      XL: |  1  2 |
---------------+-------+-----
Dodging        | 1 |  1.3
Armour         | 2 |  2.1
Fighting       | |  3.5
Long Blades    | |  2.9

Action                   || total
-------------------------++-------
Melee: Falchion          ||    53
       Kick              ||    12
 Stab: Sleeping          ||     1
Armor: Leather armour    ||    21
Dodge: Dodged            ||    41
       Rpst.: Falchion   ||    12
